 Dungeon Crawl Stone Soup version 0.27.1-3-gb3d3a73c9e (webtiles) character file.

Game seed: 12855575611552668284

322 Urokeeper the Sneak (level 6, -3/48 HPs)
             Began as a Human Brigand on Oct 5, 2021.
             Slain by an orc priest (8 damage)
             ... on level 4 of the Dungeon.
             The game lasted 00:10:52 (3412 turns).

Urokeeper the Sneak (Human Brigand)                 Turns: 3412, Time: 00:10:52

Health: -3/48      AC:  5    Str: 11    XL:     6   Next: 76%
Magic:  6/6        EV: 13    Int: 12    God:
Gold:   167        SH:  0    Dex: 16    Spells: 5/5 levels left

rFire    . . .     SeeInvis .   a - +2 dagger
rCold    . . .     Faith    .   (no shield)
rNeg     + . .     Spirit   .   l - +2 robe {rN+}
rPois    .         Reflect  .   (no helmet)
rElec    .         Harm     .   c - +0 cloak
rCorr    .         Rampage  .   (no gloves)
Will     .....                  (no boots)
Stlth    +++.......             (no amulet)
HPRegen  0.16/turn              (no ring)
MPRegen  0.10/turn              (no ring)

@: no status effects
A: no striking features
a: no special abilities


You were on level 4 of the Dungeon.
You visited 1 branch of the dungeon, and saw 4 of its levels.

You collected 167 gold pieces.

Inventory:

Hand Weapons
 a - a +2 dagger (weapon)
Missiles
 d - 6 poisoned darts (quivered)
 e - 2 curare-tipped darts
Armour
 b - a +0 robe
 c - a +0 cloak (worn)
 l - a +2 robe of positive energy (worn)
Wands
 k - a wand of digging (3)
Scrolls
 j - a scroll of noise {unknown}
Potions
 f - a potion of attraction
 g - a potion of berserk rage {unknown}
 h - a potion of brilliance {unknown}
 i - a potion of ambrosia {unknown}
 m - a potion of might {unknown}
 n - a potion of magic


   Skills:
 + Level 3.6 Fighting
 + Level 3.7 Short Blades
 - Level 2.0 Throwing
 + Level 3.1 Dodging
 + Level 5.2 Stealth


You had 5 spell levels left.
You didn't know any spells.
Your spell library contained the following spells:

 Spells                   Type           Power      Damage    Failure   Level
 Sublimation of Blood     Necr           0%         N/A       45%         2
 Wereblood                Tmut           0%         N/A       45%         2
 Summon Hydra             Summ           0%         N/A       100%        7


Dungeon Overview and Level Annotations

Branches:
Dungeon (4/15)
 Temple: D:4-7

Altars:
Qazlal

Annotations:
D:3 2 transporters


Message History

You throw a poisoned dart.
The poisoned dart barely misses the ogre.
An adder comes into view.
You barely miss the ogre.
The ogre is moderately wounded.
The ogre hits you with a +0 giant club!!
Ouch! That really hurt!
You hear a shout!
The adder hisses angrily.
You hit the ogre.
The ogre is moderately wounded.
You hit the ogre.
The ogre is heavily wounded.
The ogre looks more healthy.
The ogre misses you.
You hit the ogre.
The ogre is heavily wounded.
You barely miss the ogre.
The ogre is heavily wounded.
The ogre barely misses you.
You hit the ogre.
The ogre is severely wounded.
The ogre barely misses you.
You hit the ogre.
The ogre is severely wounded.
The adder closely misses you.
You hit the ogre.
The ogre is severely wounded.
The adder bites you but does no damage. The orc priest closely misses you.
An adder comes into view.
The ogre hits you with a +0 giant club!
* * * LOW HITPOINT WARNING * * *
You hit the ogre.
The ogre is almost dead.
The adder bites you.
* * * LOW HITPOINT WARNING * * *
The orc priest misses you. The adder bites you but does no damage.
The ogre completely misses you.
You hit the ogre but do no damage.
The ogre is almost dead.
The orc priest hits you with a +0 flail!
You die...

#............ .. ..
....# #...........?.
...#. #...#
#.#.#.##...#
#.#........#
...........#
..........#########
#........#...o..# #
#....(.....O@# .#.
#...<.......S#
..(.#............#
.................#
...................
.....##.##.##.#.S#..
.#...##.##.##..>...#.
##. #:....##....###
#......### .....


You could see an ogre, an orc priest and 2 adders.

Vanquished Creatures
  Sigmund (D:2)
  Jessica (D:2)
  Terence (D:2)
  4 gnolls (D:3)
  An adder (D:3)
  3 dart slugs
  An orc (D:3)
  3 bats
  6 endoplasms
  2 giant cockroaches
  8 goblins
  6 hobgoblins
  7 quokkas
  3 ball pythons
  2 kobolds (D:2)
  7 rats
56 creatures vanquished.

Vanquished Creatures (others)
  6 plants (D:3)
6 creatures vanquished.

Grand Total: 62 creatures vanquished

Notes
Turn   | Place    | Note
-------+----------+-------------------------------------------
     0 | D:1      | Urokeeper the Human Brigand began the quest for the Orb.
     0 | D:1      | Reached XP level 1. HP: 16/16 MP: 1/1
    76 | D:1      | Reached XP level 2. HP: 22/22 MP: 2/2
   651 | D:1      | Found a faded altar of an unknown god.
   656 | D:1      | Reached XP level 3. HP: 28/28 MP: 3/3
  1303 | D:2      | Noticed Sigmund
  1317 | D:2      | Killed Sigmund
  1318 | D:2      | Reached XP level 4. HP: 35/35 MP: 4/4
  1318 | D:2      | Reached XP level 5. HP: 41/41 MP: 5/5
  1318 | D:2      | Reached XP level 6. HP: 47/47 MP: 6/6
  1490 | D:2      | Noticed Terence
  1532 | D:2      | Killed Terence
  1533 | D:2      | Reached skill level 5 in Stealth
  1796 | D:2      | Found a stormy altar of Qazlal.
  1985 | D:2      | Noticed Jessica
  1990 | D:2      | Killed Jessica
  2703 | D:3      | Found a transporter.
  2752 | D:3      | Found a transporter.
  3386 | D:4      | Noticed an ogre
  3412 | D:4      | Slain by an orc priest

Illustrated notes

Levels and vault maps discovered:
D:1:      saegor_arrival_simple_d, layout_rooms, serial_co_window_serial,
          co_window_corner_a, co_window_corner_a, co_window_paths_a,
          co_window_paths_b, co_window_corner_a, co_window_cross_1,
          co_window_paths_b, co_window_of_opportunity_a, co_window_paths_a,
          co_window_broadway_b, co_window_broadway_c, co_window_unsneaky_path_d,
          co_window_broadway_b, glass_columns_c, ebering_ecumenical_altar_webs
D:2:      layout_loops_ring, basic_altar, uniq_sigmund, uniq_jessica,
          uniq_terence
D:3:      layout_basic, gammafunk_ghost_gnarly_gnolls
D:4:      layout_rooms, trog_book, serial_shops, shop

Skill      XL: |  1  2  3  4  5  6 |
---------------+-------------------+-----
Fighting       | 3 |  3.6
Short Blades   | 3 |  3.7
Dodging        | 2 3 |  3.1
Stealth        | 5 |  5.2
Throwing       | |  2.0

Action                   |  1- 3 |  4- 6 || total
-------------------------+-------+-------++-------
Melee: Dagger            |    60 |    96 ||   156
Throw: Dart              |     2 |    21 ||    23
  Use: Potion            |       |     2 ||     2
 Stab: Sleeping          |    11 |     8 ||    19
Armor: Robe              |     8 |    15 ||    23
Dodge: Dodged            |    30 |    41 ||    71
